 Dungeon Crawl Stone Soup version 0.28-a0-1038-g9c4cb8273d (webtiles) character file.

Game seed: 12856722231829671887

28897 blank1 the Bludgeoner (level 13, -9/126 HPs)
             Began as a Minotaur Fighter on Dec 9, 2021.
             Was a High Priest of Fedhas.
             Mangled by a seven-headed hydra (10 damage)
             ... on level 1 of the Lair of Beasts.
             The game lasted 00:24:33 (11039 turns).

blank1 the Bludgeoner (Minotaur Fighter)           Turns: 11039, Time: 00:24:34

Health: -9/126     AC: 16    Str: 25    XL:     13   Next: 12%
Magic:  18/19      EV: 13    Int:  5    God:    Fedhas [*****.]
Gold:   1087       SH: 10    Dex: 11    Spells: 12/12 levels left

rFire   + . .      SeeInvis .   a - +1 flail (spect)
rCold   + . .      Faith    .   c - +1 buckler
rNeg    . . .      Spirit   .   v - +0 plate armour
rPois   .          Reflect  +   (helmet restricted)
rElec   .          Harm     .   w - scarf {rC+ rF+}
rCorr   .          Rampage  .   t - +0 pair of gloves
Will    +....                   B - +0 pair of boots
Stlth   ..........              m - amulet of reflection
HPRegen 0.31/turn               f - ring of willpower
MPRegen 0.16/turn               o - +4 ring of evasion

@: no status effects
A: horns 2, retaliatory headbutt
a: Renounce Religion, Wall of Briars, Grow Ballistomycete, Overgrow, Grow Oklob


You were on level 1 of the Lair of Beasts.
You worshipped Fedhas.
Fedhas was extremely pleased with you.
You visited 2 branches of the dungeon, and saw 12 of its levels.
You also visited: Sewer and Ossuary.

You collected 1087 gold pieces.

Inventory:

Hand Weapons
 a - a +1 spectral flail (weapon)
Missiles
 G - a throwing net (quivered)
Armour
 c - a +1 buckler (worn)
 t - a +0 pair of gloves (worn)
 v - a +0 plate armour (worn)
 w - a scarf of resistance (worn)
 B - a +0 pair of boots (worn)
Jewellery
 f - a ring of willpower (left hand)
 m - an amulet of reflection (around neck)
 o - a +4 ring of evasion (right hand)
 p - a ring of protection from fire
 A - a ring of positive energy
Wands
 b - a wand of flame (63)
 q - a wand of charming (15)
 y - a wand of polymorph (15)
 E - a wand of iceblast (11)
 H - a wand of acid (5)
 K - a wand of digging (5)
Scrolls
 l - a scroll of amnesia
 s - a scroll of torment {unknown}
 u - a scroll of silence {unknown}
 x - 3 scrolls of teleportation
 z - 2 scrolls of fear {unknown}
 D - a scroll of summoning {unknown}
 I - a scroll of fog
 J - a scroll of magic mapping
Potions
 d - 2 potions of ambrosia
 e - a potion of brilliance
 g - 6 potions of flight
 h - 5 potions of heal wounds
 i - 4 potions of lignification
 j - 5 potions of curing
 k - 3 potions of cancellation
 n - 5 potions of attraction
 r - 3 potions of haste
 C - a potion of magic {unknown}


   Skills:
 - Level 15.0 Fighting
 - Level 15.0 Maces & Flails
 + Level 8.7 Armour
 + Level 5.0 Dodging
 - Level 4.0 Shields
 - Level 10.0 Invocations


You had 12 spell levels left.
You didn't know any spells.
Your spell library contained the following spells:

 Spells                   Type           Power      Damage    Failure   Level
 Gell's Gravitas          Tloc           0%         N/A       100%        3
 Lesser Beckoning         Tloc           0%         N/A       100%        3
 Teleport Other           Tloc           0%         N/A       100%        3
 Iskenderun's Battlesphe  Conj           0%         2d6       100%        5
 Iron Shot                Conj/Erth      0%         9d1       100%        6
 Spellforged Servitor     Conj/Summ      0%         N/A       100%        7


Dungeon Overview and Level Annotations

Branches:
Dungeon (11/15)            Temple (0/1) D:6            Lair (1/6) D:11
    Orc (0/2) D:10          Sewer (visited)         Ossuary (visited)

Altars:
Cheibriados
Fedhas
Gozag
Hepliaklqana
Makhleb
Qazlal
Ru
Sif Muna
Trog
Vehumet
Wu Jian
Yredelemnul

Shops:
D:6 *

Portals:
Trove: D:10 (give +6 demon blade)
Gauntlet: Lair:1


Innate Abilities, Weirdness & Mutations

You have a pair of horns on your head.
You reflexively headbutt those who attack you in melee.


Message History

The seven-headed hydra bites you but does no damage.
The seven-headed hydra barely misses you.
The seven-headed hydra bites you but does no damage.
You block the seven-headed hydra's attack.
The seven-headed hydra completely misses you.
The cane toad barely misses you.
You hit the seven-headed hydra.
The seven-headed hydra is lightly wounded.
You block the seven-headed hydra's attack.
The seven-headed hydra bites you. The seven-headed hydra misses you.
The seven-headed hydra bites you but does no damage.
The seven-headed hydra barely misses you.
The seven-headed hydra bites you.
The seven-headed hydra barely misses you.
You block the cane toad's attack.
You hit the seven-headed hydra. You headbutt the seven-headed hydra!
The seven-headed hydra is moderately wounded.
Your plate armour prevents you from hitting the seven-headed hydra.
The seven-headed hydra is moderately wounded.
You hear an explosion!
You block the cane toad's attack. The seven-headed hydra bites you!
* * * LOW HITPOINT WARNING * * *
The seven-headed hydra bites you.
* * * LOW HITPOINT WARNING * * *
The seven-headed hydra bites you!
* * * LOW HITPOINT WARNING * * *
The seven-headed hydra closely misses you.
The seven-headed hydra bites you.
* * * LOW HITPOINT WARNING * * *
You block the seven-headed hydra's attack.
The seven-headed hydra bites you!
* * * LOW HITPOINT WARNING * * *
You hear an angry hiss.
You hit the seven-headed hydra. You headbutt the seven-headed hydra!
The seven-headed hydra is heavily wounded.
The cane toad closely misses you. You furiously retaliate!
You headbutt the cane toad, but do no damage.
The seven-headed hydra bites you!
You die...
Fedhas appreciates your contribution to the ecosystem.

#.###.# ##..#..##
#.(###..# ### ##..##.# #
###$### #.....#.#
...#.#.####........ ....
................## ....
#F##..#.##..##### #...
#@##.#####..##
...#####D#...##.#..P####.
. #.....#*#.#.........(..#
..
#..#..#.#....#.#...P##.#
#.#.#.....P...............
#....#....†....P#.###∩#...
..#.F.............# .#...
#.##...#P##..P#.# .. .. ..
##..#####.##... #.


You could see a seven-headed hydra, a cane toad (ally target), a friendly
ballistomycete (summoned) and a friendly ballistomycete spore.

Vanquished Creatures
  2 hydras (Lair:1)
  Erolcha (D:9)
  Harold (D:8)
  4 two-headed ogres
  The ghost of bearlyready the Destroyer, a novice DrCj of Nemelex Xobeh (D:7)
  An elephant (D:11)
  Maurice (D:8)
  2 cane toads (Lair:1)
  A gargoyle (D:11)
  5 kobold demonologists
  5 komodo dragons
  A troll (D:11)
  A hornet (D:10)
  Sigmund (D:3)
  A wyvern (D:10)
  12 yaks
  2 basilisks
  An acid dragon (D:11)
  3 water moccasins (Lair:1)
  2 orc warriors
  2 ice beasts
  4 sky beasts
  A black bear (D:11)
  3 necrophages
  An ogre (D:7)
  3 centaurs
  3 phantoms
  3 kobold brigands
  A wyvern zombie (D:5)
  9 bullfrogs
  3 gnoll sergeants
  A scorpion (D:4)
  A water moccasin skeleton (D:5)
  17 killer bees
  3 wights (D:7)
  6 howler monkeys
  A bullfrog zombie (D:6)
  7 centaur zombies
  A crimson imp (D:8)
  4 orc priests
  4 hounds
  3 gnoll shamans
  4 iguanas
  6 orc wizards
  Natasha (thrice) (D:3)
  A hound zombie (D:5)
  3 mummies
  3 howler monkey zombies
  28 gnolls
  A howler monkey skeleton (D:7)
  4 adders
  A river rat (Sewer)
  2 white imps
  3 adder skeletons
  2 dart slugs
  20 orcs
  6 endoplasms
  2 giant cockroaches
  9 goblins
  10 hobgoblins
  4 jackals
  4 quokkas
  7 ball pythons
  6 bats
  3 frilled lizards
  2 goblin zombies (Ossuary)
  8 hobgoblin zombies (Ossuary)
  2 jackal zombies (Ossuary)
  16 kobolds
  10 kobold zombies
  10 orc zombies
  11 rats
  4 rat zombies (Ossuary)
  A spectral orc (D:10)
325 creatures vanquished.

Vanquished Creatures (collateral kills)
  A water moccasin (D:7)
  A hound (D:7)
  10 ballistomycete spores
12 creatures vanquished.

Vanquished Creatures (others)
  A kobold (D:11)
  A bush (Lair:1)
  4 plants
6 creatures vanquished.

Grand Total: 343 creatures vanquished

Notes
Turn   | Place    | Note
-------+----------+-------------------------------------------
     0 | D:1      | blank1 the Minotaur Fighter began the quest for the Orb.
     0 | D:1      | Reached XP level 1. HP: 19/19 MP: 0/0
   182 | D:1      | Reached XP level 2. HP: 18/27 MP: 1/1
   484 | D:1      | Noticed a golden eye
   490 | D:1      | Reached skill level 1 in Dodging
   522 | D:1      | Found a faded altar of an unknown god.
   523 | D:1      | Noticed a shining eye
   523 | D:1      | Noticed a shining eye
   523 | D:1      | Noticed a great orb of eyes
   528 | D:1      | Prayed at the altar of an unknown god.
   528 | D:1      | Became a worshipper of Fedhas Madash
   528 | D:1      | Reached * piety under Fedhas
   602 | D:1      | Reached XP level 3. HP: 31/33 MP: 2/2
  1406 | D:2      | Found a stormy altar of Qazlal.
  2031 | D:3      | Reached ** piety under Fedhas
  2032 | D:3      | Reached XP level 4. HP: 40/40 MP: 3/3
  2036 | D:3      | Reached skill level 1 in Invocations
  2123 | D:3      | Noticed Sigmund
  2135 | D:3      | Killed Sigmund
  2136 | D:3      | Reached XP level 5. HP: 47/47 MP: 3/6
  2137 | D:3      | Reached XP level 6. HP: 53/53 MP: 3/7
  2190 | D:3      | Noticed Natasha
  2197 | D:3      | Killed Natasha
  2270 | D:3      | Found a shimmering blue altar of Sif Muna.
  2419 | D:3      | Noticed Natasha
  2428 | D:3      | Killed Natasha
  2598 | D:3      | Noticed Natasha
  2605 | D:3      | Killed Natasha
  2606 | D:3      | Reached skill level 5 in Fighting
  2606 | D:3      | Reached skill level 5 in Maces & Flails
  2795 | D:3      | Found an ornate altar of the Wu Jian Council.
  3112 | D:4      | Found a hazy altar of Hepliaklqana.
  3145 | D:4      | Found a glowing drain.
  3159 | Sewer    | Entered a sewer
  3234 | Sewer    | Reached XP level 7. HP: 55/63 MP: 8/8
  3235 | Sewer    | Reached *** piety under Fedhas
  3291 | Sewer    | Found a glowing silver altar of Zin.
  3501 | D:4      | Reached skill level 5 in Armour
  3695 | D:5      | Entered Level 5 of the Dungeon
  3932 | D:5      | Found a bloodstained altar of Trog.
  4008 | D:5      | Found an opulent altar of Gozag.
  4124 | D:5      | Reached XP level 8. HP: 71/71 MP: 9/9
  4714 | D:6      | Found Guuroreq's General Store.
  4732 | D:6      | Found a staircase to the Ecumenical Temple.
  5165 | D:6      | Noticed a two-headed ogre
  5170 | D:6      | Killed a two-headed ogre
  5171 | D:6      | Reached skill level 5 in Invocations
  5378 | D:6      | Reached XP level 9. HP: 81/82 MP: 11/11
  5772 | D:7      | Reached skill level 10 in Fighting
  6003 | D:7      | Reached **** piety under Fedhas
  6185 | D:7      | Found a transporter.
  6197 | D:7      | Found a transporter.
  6205 | D:7      | Noticed a komodo dragon
  6295 | D:7      | Noticed bearlyready's ghost (novice DrCj)
  6653 | D:7      | Reached skill level 10 in Maces & Flails
  6667 | D:7      | Killed a komodo dragon
  6686 | D:7      | Killed bearlyready's ghost
  6687 | D:7      | Reached XP level 10. HP: 93/93 MP: 7/14
  6804 | D:8      | Noticed a two-headed ogre
  6811 | D:8      | Noticed Maurice
  6813 | D:8      | Killed a two-headed ogre
  6819 | D:8      | Killed Maurice
  6864 | D:8      | Found a sand-covered staircase.
  6874 | Ossuary  | Entered an ossuary
  7173 | Ossuary  | Reached ***** piety under Fedhas
  7822 | D:8      | Found a burning altar of Makhleb.
  7823 | D:8      | Found a radiant altar of Vehumet.
  7837 | D:8      | Found a snail-covered altar of Cheibriados.
  7856 | D:8      | Noticed Harold
  7863 | D:8      | Killed Harold
  8605 | D:9      | Reached XP level 11. HP: 48/104 MP: 14/16
  8911 | D:9      | Noticed a two-headed ogre
  8919 | D:9      | Killed a two-headed ogre
  9119 | D:9      | Noticed a two-headed ogre
  9125 | D:9      | Killed a two-headed ogre
  9185 | D:9      | Noticed Erolcha
  9191 | D:9      | Killed Erolcha
  9262 | D:10     | Entered Level 10 of the Dungeon
  9274 | D:10     | Found a portal to a secret trove of treasure.
  9640 | D:10     | Found a basalt altar of Yredelemnul.
  9709 | D:10     | Found a sacrificial altar of Ru.
  9735 | D:10     | Found a staircase to the Orcish Mines.
 10051 | D:11     | Found a staircase to the Lair.
 10145 | D:11     | Reached ****** piety under Fedhas
 10350 | D:11     | Reached XP level 12. HP: 118/118 MP: 18/18
 10548 | D:11     | Reached skill level 15 in Maces & Flails
 10725 | Lair:1   | Entered Level 1 of the Lair of Beasts
 10742 | Lair:1   | Noticed an eight-headed hydra
 10753 | Lair:1   | Killed an eight-headed hydra
 10833 | Lair:1   | Reached XP level 13. HP: 118/125 MP: 19/19
 10850 | Lair:1   | Reached skill level 15 in Fighting
 10850 | Lair:1   | Reached skill level 10 in Invocations
 10982 | Lair:1   | Found a gate leading to a gauntlet.
 11029 | Lair:1   | Reached skill level 5 in Dodging
 11038 | Lair:1   | HP: 1/126 [seven-headed hydra (7)]
 11039 | Lair:1   | Mangled by a seven-headed hydra

Illustrated notes

Levels and vault maps discovered:
D:1:      grunt_arrival_lava_bath, layout_loops_ring,
          hellmonk_ecumenical_altar_watching_god, grunt_decor_arrowhead
D:2:      layout_loops_ring, basic_altar
D:3:      layout_basic, nzn_wu_jian_contemplation,
          mainiacjoe_overflow_surrounded_room, uniq_natasha, uniq_sigmund
D:4:      layout_cave_pools, mainiacjoe_overflow_chevrons, portal_sewer_entry_b
D:5:      wander_river, layout_loops_corners,
          nicolae_gozag_cash_rules_everything_around_me,
          mainiacjoe_overflow_small_starburst
D:6:      layout_basic, minmay_temple_entry_trees, serial_shops,
          nicolae_shop_behind_doors
D:7:      layout_loops_ring, nzn_ghost_randoct
D:8:      nicolae_cairo_tiling, layout_rooms,
          grunt_temple_overflow_lords_of_destruction, mainiacjoe_overflow_paths,
          nicolae_ossuary_entry_giza, uniq_harold, uniq_maurice
D:9:      layout_long_grid, chequers_arboretum, abandoned_shop,
          minmay_misc_feat_more_columns, kennysheep_windowed_goal, uniq_erolcha
D:10:     layout_roguey, yredelemnul_forgotten_temple_becter,
          mainiacjoe_overflow_alcove_2, orc_0_dummy,
          nicolae_trove_entry_free_sample
D:11:     layout_roguey, david_lair_generic, kennysheep_generic_room_7
Lair:1:   layout_loops_ring, gauntlet_entry_generic, beast_lair_carwin_5,
          grunt_megastairs_3

Skill      XL: |  1  2  3  4  5  6  7  8  9 10 11 12 13 |
---------------+----------------------------------------+-----
Armour         | 4 5 6 7 8 |  8.7
Fighting       | 4 6 8 10 12 14 15 | 15.0
Dodging        | 1 2 3 4 5 |  5.0
Shields        | 4 |  4.0
Maces & Flails | 3 4 6 8 10 11 14 15 | 15.0
Invocations    | 3 5 6 8 9 10 | 10.0

Action                   |  1- 3 |  4- 6 |  7- 9 | 10-12 | 13-15 || total
-------------------------+-------+-------+-------+-------+-------++-------
Melee: Flail             |   109 |    64 |   173 |   391 |    48 ||   785
       Headbutt          |     8 |     9 |    42 |    88 |    12 ||   159
Invok: Grow Ballistomyce |       |       |     2 |     2 |     1 ||     5
       Wall of Briars    |       |       |     1 |       |       ||     1
  Use: Potion            |       |     1 |     1 |     3 |     2 ||     7
       Scroll            |       |     7 |     8 |     5 |       ||    20
 Stab: Distracted        |       |       |     1 |       |       ||     1
       Confused          |       |       |       |     1 |       ||     1
Armor: Scale mail        |    49 |    20 |     1 |       |       ||    70
       Chain mail        |       |       |     7 |       |       ||     7
       Plate armour      |       |       |    33 |   113 |    16 ||   162
       Skin              |       |       |       |    23 |       ||    23
Dodge: Dodged            |    58 |    35 |    52 |   136 |    20 ||   301
Block: Buckler           |    22 |    15 |    57 |   148 |    21 ||   263
       Reflection        |       |       |     1 |     5 |       ||     6

Table legend: (Time is in decaauts)
 A = Elapsed time spent in this place.
 B = Non-inter-level travel time spent in this place.
 C = Inter-level travel time spent in this place.
 D = Time resting spent in this place.
 E = Time spent auto-exploring this place.
 F = Levels seen in this place.
 G = Mean time per level.
                   A        B        C        D        E       F      G
               +--------+--------+--------+--------+--------+-----+--------+
         Total |  11082 |  10588 |    494 |    830 |   7757 |  14 |  791.6 |
       Dungeon |  10166 |   9672 |    494 |    642 |   7305 |  11 |  924.2 |
          Lair |    297 |    297 |      0 |      0 |    210 |   1 |  297.0 |
         Sewer |    204 |    204 |      0 |      0 |    147 |   1 |  204.0 |
       Ossuary |    414 |    414 |      0 |    188 |     95 |   1 |  414.0 |
               +--------+--------+--------+--------+--------+-----+--------+

Top non-repeatable levels by time:
     D:9: 1298 daAuts
     D:6: 1198 daAuts
     D:1: 1153 daAuts
     D:3: 1135 daAuts
     D:5: 1019 daAuts
     D:7: 917 daAuts
    D:11: 793 daAuts
     D:2: 785 daAuts
     D:8: 736 daAuts
    D:10: 642 daAuts
     D:4: 486 daAuts
 Ossuary: 414 daAuts
  Lair:1: 297 daAuts
   Sewer: 204 daAuts
